AoeStats
← Jon

Nomad

506092515Analyzed
2v2 RM · 20d ago on Sep 12, 2026· 42m 16s· 4 players
Game mode
Random Map
Map size
176×176
Population
200
Speed
Normal
Resources
Standard
Victory
Conquest
Starting age
Dark Age
Ending age
Imperial Age
RankedLock teamsTeams togetherTeam positionsShared explorationLock speedFull tech treeHidden civsTurbo modeCheats
Victory
Defeat
🇳🇱 Maya · Netherlands
1016
+11
🇳🇱 Poles · Netherlands
1007
+12
🇨🇭 Sicilians · Switzerland
924
-12
🇨🇭 Huns · Switzerland
896
-11
Mimosoa X Orange Punch
17:00 Feudal Age
18:40 Fishing Lines
22:19 Castle Age
21:32 Padded Archer Armor
21:23 Fletching
21:55 Double-Bit Axe
31:25 Horse Collar
33:06 Medium Warships
32:23 Demolition Ship
33:47 Bow Saw
33:45 Heavy Plow
36:40 Leather Archer Armor
39:56 Bodkin Arrow
twitch.tv/RiZeofCRO
12:29 Loom
15:42 Feudal Age
24:11 Castle Age
24:20 Bloodlines
30:36 Stone Mining
39:53 Double-Bit Axe
39:50 Horse Collar
41:43 Husbandry
41:50 Scale Barding Armor
41:56 Forging
Niels
10:39 Loom
12:50 Feudal Age
13:20 Horse Collar
15:44 Wheelbarrow
14:56 Horse Collar
19:29 Double-Bit Axe
23:55 Bloodlines
24:46 Gold Mining
27:50 Castle Age
26:17 Scale Barding Armor
27:00 Forging
27:00 Stone Mining
28:18 Light Cavalry
29:23 Chain Barding Armor
29:39 Iron Casting
30:10 Husbandry
30:52 Heavy Plow
31:04 Bow Saw
36:20 Szlachta Privileges
Jon
3:12 Loom
13:00 Feudal Age
13:47 Town Watch
13:57 Double-Bit Axe
18:14 Horse Collar
21:48 Castle Age
21:09 Padded Archer Armor
20:59 Fletching
22:25 Crossbowman
23:26 Thumb Ring
23:37 Leather Archer Armor
24:08 Medium Warships
24:08 Gold Mining
24:47 Elite Skirmisher
28:52 Bodkin Arrow
29:44 Ballistics
31:38 Wheelbarrow
38:41 Imperial Age
37:21 Hand Cart
39:58 Ring Archer Armor
39:28 Bracer
39:21 Arbalester
40:42 Hul'che Javelineers
41:24 Heavy Plow
41:37 Bow Saw
43:02 Conscription
Connection lost

Rejoining the realm…

Still unreachable

The connection could not be restored.

Session expired

The server has moved on; the page needs a fresh start.